AoeStats
← [Wildpigs] El Jochu

Black Forest

509256682Analyzed
4v4 RM · 7d ago on Sep 26, 2026· 51m 31s· 8 players
Game mode
Random Map
Map size
Large (8 player)
Population
200
Speed
Normal
Resources
Standard
Victory
Conquest
Starting age
Dark Age
Ending age
Imperial Age
RankedLock teamsTeams togetherTeam positionsShared explorationLock speedFull tech treeHidden civsTurbo modeCheats
Victory
Defeat
🇨🇳 Persians · China
971
+13
🇵🇪 Vietnamese · Peru
940
+14
🇮🇳 Dravidians · India
891
+16
🇨🇳 Spanish · China
853
+19
🇲🇽 Spanish · Mexico
977
-18
🇩🇪 Saracens · Germany
927
-17
🇨🇱 Bohemians · Chile
859
-14
🇦🇷 Lithuanians · Argentina
845
-13
°
0:27 Loom
13:05 Feudal Age
13:28 Man-at-Arms
13:54 Arson
15:33 Double-Bit Axe
15:30 Horse Collar
23:13 Castle Age
21:14 Gold Mining
21:15 Stone Mining
21:47 Fletching
21:58 Padded Archer Armor
24:18 Bow Saw
24:15 Heavy Plow
29:44 Imperial Age
28:05 Masonry
28:12 Bodkin Arrow
28:32 Leather Archer Armor
29:04 Leather Archer Armor
29:56 Ballistics
30:35 Thumb Ring
31:41 Two-Man Saw
32:22 Chemistry
31:44 Bracer
32:14 Ring Archer Armor
33:10 Murder Holes
34:53 Wheelbarrow
34:43 Town Watch
35:12 Fortified Wall
36:07 Ring Archer Armor
36:40 Hand Cart
37:38 Husbandry
39:07 Elite Elephant Archer
40:09 Conscription
39:55 Medical Corps
43:06 Guilds
46:06 Coinage
48:51 Banking
MIG99
0:58 Loom
10:54 Feudal Age
11:36 Double-Bit Axe
12:57 Horse Collar
18:55 Castle Age
16:53 Gold Mining
17:54 Stone Mining
19:28 Scale Barding Armor
19:41 Forging
20:27 Stone Shaft Mining
19:54 Heavy Plow
20:14 Bow Saw
24:34 Wheelbarrow
24:32 Light Cavalry
25:24 Bloodlines
25:32 Fletching
26:29 Iron Casting
30:53 Imperial Age
28:40 Husbandry
28:50 Town Watch
29:56 Chain Barding Armor
29:37 Padded Archer Armor
29:33 Bodkin Arrow
30:43 Scale Mail Armor
32:03 Conscription
31:14 Cavalier
33:40 Chemistry
34:01 Two-Man Saw
34:50 Chain Mail Armor
35:12 Plate Barding Armor
35:38 Blast Furnace
34:54 Leather Archer Armor
35:31 Bracer
39:20 Elite Conquistador
41:12 Ring Archer Armor
42:52 Hussar
42:53 Paladin
44:25 Caravan
44:47 Masonry
47:30 Ballistics
47:41 Architecture
odonaires
0:32 Loom
13:22 Feudal Age
14:38 Double-Bit Axe
14:52 Town Watch
16:22 Horse Collar
23:59 Castle Age
21:52 Stone Mining
22:03 Gold Mining
22:59 Forging
22:43 Fletching
25:28 Heavy Plow
25:40 Bow Saw
25:46 Padded Archer Armor
26:57 Town Patrol
27:48 Leather Archer Armor
29:12 Wheelbarrow
28:29 Treadmill Crane
29:10 Ballistics
29:23 Squires
29:08 Arson
29:51 Hand Cart
30:09 Masonry
31:06 Stone Shaft Mining
35:05 Imperial Age
33:25 Fortified Wall
33:11 Murder Holes
32:39 Pikeman
36:19 Paper Money
36:19 Forging
36:15 Scale Barding Armor
37:53 Chemistry
36:19 Elite Skirmisher
37:04 Thumb Ring
38:42 Bodkin Arrow
38:38 Halberdier
40:17 Siege Engineers
40:33 Scale Mail Armor
41:09 Iron Casting
41:00 Bracer
42:41 Elite Rattan Archer
44:55 Crop Rotation
44:58 Ring Archer Armor
44:43 Chain Mail Armor
43:51 Imperial Skirmisher
45:18 Murder Holes
47:27 Plate Mail Armor
50:50 Two-Man Saw
不上青楼
9:32 Feudal Age
14:33 Castle Age
12:55 Double-Bit Axe
13:51 Horse Collar
16:32 Bow Saw
23:57 Wheelbarrow
23:55 Heavy Plow
29:41 Imperial Age
28:07 Hand Cart
27:38 Loom
27:39 Town Watch
28:42 Town Patrol
29:59 Scale Barding Armor
30:05 Forging
31:09 Conscription
30:59 Stone Mining
30:59 Gold Mining
30:51 Elite War Elephant
32:02 Chain Barding Armor
32:23 Iron Casting
33:15 Two-Man Saw
33:10 Husbandry
33:19 Kamandaran
34:05 Plate Barding Armor
34:12 Stone Shaft Mining
34:13 Gold Shaft Mining
35:01 Murder Holes
35:17 Masonry
35:10 Caravan
36:05 Crop Rotation
37:35 Blast Furnace
37:29 Gold Shaft Mining
37:33 Bloodlines
38:01 Scale Mail Armor
37:51 Fletching
38:02 Padded Archer Armor
38:52 Hoardings
39:10 Architecture
38:15 Light Cavalry
40:28 Chain Mail Armor
40:28 Leather Archer Armor
40:09 Bodkin Arrow
41:34 Ballistics
41:20 Hussar
[Wildpigs] El Jochu
0:31 Loom
18:30 Feudal Age
21:46 Wheelbarrow
25:31 Castle Age
24:24 Double-Bit Axe
30:53 Imperial Age
30:18 Bow Saw
35:42 Hand Cart
38:47 Chemistry
40:58 Two-Man Saw
42:11 Horse Collar
Stigma
9:30 Loom
12:46 Feudal Age
13:50 Double-Bit Axe
14:53 Horse Collar
16:02 Gold Mining
21:15 Castle Age
19:37 Stone Mining
20:43 Bloodlines
23:34 Wheelbarrow
23:20 Heavy Plow
25:27 Fervor
27:50 Hand Cart
27:45 Town Watch
28:15 Forging
28:10 Scale Barding Armor
33:06 Imperial Age
30:19 Treadmill Crane
30:34 Murder Holes
31:00 Ballistics
31:11 Fortified Wall
31:43 Iron Casting
31:28 Chain Barding Armor
31:12 Town Patrol
32:02 Stone Shaft Mining
32:46 Bow Saw
34:13 Conscription
33:14 Elite Leitis
34:43 Crop Rotation
36:10 Caravan
37:42 Heated Shot
38:55 Chemistry
38:33 Husbandry
43:40 Two-Man Saw
43:07 Squires
42:27 Pikeman
44:11 Plate Barding Armor
43:25 Halberdier
Lord Cochrane
2:11 Loom
15:06 Feudal Age
15:29 Horse Collar
15:37 Double-Bit Axe
16:17 Town Watch
22:26 Bloodlines
24:38 Castle Age
23:47 Forging
23:45 Scale Barding Armor
24:29 Fletching
26:20 Iron Casting
31:05 Fortified Wall
31:45 Heavy Plow
33:02 Bloodlines
32:55 Husbandry
32:45 Light Cavalry
38:09 Bodkin Arrow
38:39 Chain Barding Armor
40:58 Wheelbarrow
44:26 Hand Cart
46:16 Bodkin Arrow
51:57 Imperial Age
martinignacio
1:33 Loom
11:48 Feudal Age
20:00 Castle Age
18:04 Double-Bit Axe
21:19 Horse Collar
25:44 Chemistry
26:44 Wheelbarrow
28:59 Imperial Age
27:44 Bow Saw
28:35 Heavy Plow
29:31 Town Watch
30:34 Ballistics
30:40 Fortified Wall
32:32 Siphons
33:20 Hand Cart
35:29 Wagenburg Tactics
36:47 Two-Man Saw
37:47 Town Patrol
38:04 Caravan
39:37 Houfnice
43:06 Siege Engineers
Connection lost

Rejoining the realm…

Still unreachable

The connection could not be restored.

Session expired

The server has moved on; the page needs a fresh start.